 Dungeon Crawl Stone Soup version 0.25-a0-109-ge9c0e85935 (webtiles) character file.

Game seed: 3966808173134199085, levelgen mode: deterministic

76 vurker the Skirmisher (level 4, -1/37 HPs)
             Began as a Formicid Abyssal Knight on Nov 18, 2019.
             Was a Believer of Lugonu.
             Slain by a worker ant (2 damage)
             ... on level 3 of the Dungeon.
             The game lasted 00:04:17 (2961 turns).

vurker the Skirmisher (Formicid Abyssal Knight)     Turns: 2961, Time: 00:04:18

Health: -1/37      AC:  5    Str: 17    XL:     4   Next: 57%
Magic:  6/6        EV: 11    Int: 12    God:    Lugonu [**....]
Gold:   317        SH:  3    Dex: 10    Spells: 3/3 levels left

rFire    . . .     SeeInvis +   a - +1 hand axe
rCold    . . .     Gourm    .   c - +0 buckler
rNeg     . . .     Faith    .   s - +0 leather armour
rPois    +         Spirit   .   (helmet unavailable)
rElec    .         Reflect  .   g - +0 cloak
rCorr    .         Harm     .   r - +0 pair of gloves
MR       +....                  (no boots)
Stlth    +.........             (no amulet)
HPRegen  0.12/turn              u - ring of protection from magic
MPRegen  0.10/turn              l - ring of poison resistance

@: no status effects
A: permanent stasis, dig shafts and tunnels, four strong arms, antennae 3
a: Dig, Shaft Self, Depart the Abyss, Bend Space, Renounce Religion


You were on level 3 of the Dungeon.
You worshipped Lugonu.
Lugonu was pleased with you.
You were hungry.

You visited 1 branch of the dungeon, and saw 4 of its levels.
You visited the Abyss 1 time.

You collected 317 gold pieces.

Inventory:

Hand Weapons
 a - a +1 hand axe (weapon)
 b - a +1 flail of venom
   (You took it off an orc on level 3 of the Dungeon)
Missiles
 y - a throwing net (quivered)
Armour
 c - a +0 buckler (worn)
   (You found it on level 1 of the Dungeon)
 g - a +0 cloak (worn)
   (You found it on level 1 of the Dungeon)
 r - a +0 pair of gloves (worn)
   (You found it on level 3 of the Dungeon)
 s - a +0 leather armour (worn)
Jewellery
 d - an uncursed ring of ice
   (You found it on level 1 of the Dungeon)
 h - an uncursed ring of flight
   (You found it on level 1 of the Dungeon)
 l - a ring of poison resistance (right hand)
   (You found it on level 2 of the Dungeon)
 u - a ring of protection from magic (left hand)
   (You found it on level 3 of the Dungeon)
Scrolls
 f - a scroll of amnesia {unknown}
 i - 3 scrolls of teleportation {unknown}
 j - a scroll of enchant armour {unknown}
 k - a scroll of fear {unknown}
 m - a scroll of remove curse {unknown}
 n - a scroll of noise {unknown}
 q - a scroll of enchant weapon {unknown}
 t - 2 scrolls of identify
Potions
 o - 2 potions of curing
 p - a potion of brilliance
 v - a potion of lignification
 w - a potion of might
 z - a potion of flight {unknown}
Comestibles
 e - 13 rations
 x - 11 chunks of flesh


   Skills:
 + Level 3.9 Fighting
 * Level 3.3 Axes
 - Level 2.1 Armour
 - Level 0.8 Dodging
 + Level 1.1 Shields
 + Level 3.1 Invocations


You had 3 spell levels left.
You didn't know any spells.
Your spell library was empty.

Dungeon Overview and Level Annotations

Branches:
Dungeon (4/15)
 Temple: D:4-7

Altars:
Nemelex Xobeh
Xom

Annotations:
D:4 Pikel


Innate Abilities, Weirdness & Mutations

You cannot be hasted, slowed, berserked, paralysed or teleported.
You can dig through walls and to a lower floor.
Your four strong arms can wield two-handed weapons with a shield.
You have a pair of large antennae on your head. (SInv)


Message History

You now have 317 gold pieces (gained 17).
y - a throwing net
Okay, then.
Okay, then.
Found 11 gold pieces.
A worker ant comes into view.
The worker ant twitches its antennae in your direction.
A worker ant is nearby! 2 slaves come into view.
The slave shouts! x2; You hear an angry hiss.
Pikel the Slaver comes into view.
He is wielding a +2 whip of electrocution.
The slave moves out of view.
The worker ant closely misses you. The worker ant closely misses you.
The worker ant bites you. The worker ant bites you!
You are feeling hungry.
The worker ant closely misses you.
There is a stone staircase leading up here.
You hit the worker ant. The worker ant bites you.
Your shield and leather armour prevent you from hitting the worker ant.
The worker ant completely misses you. You block the worker ant's attack.
You hit the worker ant but do no damage.
The worker ant bites you.
You hit the worker ant but do no damage.
The worker ant closely misses you. The slave hits you.
* * * LOW HITPOINT WARNING * * *
The worker ant bites you.
* * * LOW HITPOINT WARNING * * *
The worker ant closely misses you. The slave barely misses you.
You climb upwards.
There is a stone staircase leading down here.
You slash the worker ant! You hit the slave.
The worker ant waves its antennae.
You block the worker ant's attack. The slave hits you.
* * * LOW HITPOINT WARNING * * *
You hit the worker ant. You hit the slave but do no damage.
The worker ant barely misses you. The slave hits you!
* * * LOW HITPOINT WARNING * * *
You hit the worker ant but do no damage.
You hit the slave but do no damage. The worker ant barely misses you.
The slave hits you.
* * * LOW HITPOINT WARNING * * *
The worker ant closely misses you.
You barely miss the worker ant. You closely miss the slave.
The slave closely misses you. The worker ant bites you.
* * * LOW HITPOINT WARNING * * *
You barely miss the worker ant. You hit the slave but do no damage.
The worker ant bites you.
You die...

#..# ##...## ##..##### ##.##
##.....## #........ #..##
##.......## #........
#####...####.........####...##.#.
#..........'.........'...........
..#.#...####.........####........
.PPPP..## ##..<....## #..##.##.
.P...P## ##...a.## #........
......# ##.@p## #.###.### #P...P#
##'## #........ #.P.PP# #.#
#####.### ###.### #.# #.# #.#
##.############.# #.######
##...##..........# #.....)#
#.....#.########## ######.#
##...##.# #.# ##.###.#


You could see a slave and a worker ant.

Vanquished Creatures
  A worker ant (D:4)
  A worm (D:3)
  A dart slug (D:1)
  An orc (D:3)
  7 bats
  4 giant cockroaches
  3 goblins
  4 hobgoblins
  5 jackals
  9 kobolds
  2 ball pythons
  2 frilled lizards
  3 rats
  2 fungi (D:3)
  2 toadstools (D:3)
47 creatures vanquished.

Vanquished Creatures (others)
  A toadstool (D:3)
1 creature vanquished.

Grand Total: 48 creatures vanquished

Notes
Turn   | Place    | Note
-------+----------+-------------------------------------------
     0 | Abyss:1  | vurker the Formicid Abyssal Knight began the quest for the
                  | Orb.
     0 | Abyss:1  | Reached XP level 1. HP: 18/18 MP: 2/2
    25 | Abyss:1  | Found a corrupted altar of Lugonu.
    43 | Abyss:1  | Noticed a small abomination
    55 | Abyss:1  | Noticed a wretched star
    64 | D:1      | Escaped the Abyss
   208 | D:1      | Reached XP level 2. HP: 11/24 MP: 3/3
   610 | D:1      | Reached XP level 3. HP: 25/29 MP: 4/4
   923 | D:1      | Reached ** piety under Lugonu
  1967 | D:3      | Found a faded altar of an unknown god.
  2277 | D:3      | Found a shimmering altar of Xom.
  2281 | D:3      | Found a sparkling altar of Nemelex Xobeh.
  2571 | D:3      | Reached XP level 4. HP: 25/37 MP: 6/6
  2793 | D:4      | Reached skill level 1 in Shields
  2923 | D:4      | Noticed a slave
  2923 | D:4      | Noticed a slave
  2923 | D:4      | Noticed Pikel
  2960 | D:3      | HP: 1/37 [worker ant (3)]
  2961 | D:3      | Slain by a worker ant

Levels and vault maps discovered:
D:1:      dpeg_arrival_chambers_temple_mockup, layout_basic, st_stairs_5
D:2:      layout_loops_ring
D:3:      layout_loops_corners, grunt_temple_overflow_open,
          chequers_ecumenical_altar_simple, minmay_gold_behind_fungi,
          hangedman_abyss_or_decor_stabs
D:4:      layout_rooms, elyvilon_altar_3, first_ration,
          chequers_serial_rivers_large_a, uniq_pikel

Skill      XL: |  1  2  3  4 |
---------------+-------------+-----
Axes           | 3 |  3.3
Shields        | 1 |  1.1
Invocations    | 3 |  3.1
Fighting       | |  3.9
Armour         | |  2.1
Dodging        | |  0.8

Action                   |  1- 3 |  4- 6 || total
-------------------------+-------+-------++-------
Melee: Hand axe          |   148 |    24 ||   172
  Use: Scroll            |       |     4 ||     4
  Eat: Chunk             |     5 |     1 ||     6
Armor: Leather armour    |    59 |     6 ||    65
Dodge: Dodged            |    96 |    26 ||   122
Block: Buckler           |    13 |     4 ||    17

Table legend:
 A = Non-vault XP
 B = Vault XP
 C = Vault XP percentage of total XP
 D = Non-vault monster count
 E = Vault monster count
 F = Vault count percentage of total count
                 A         B        C        D         E       F
            +---------+---------+-------+---------+---------+-------
      Total |     105 |       4 |   3.7 |      41 |       2 |   4.7
            +---------+---------+-------+---------+---------+-------
        D:1 |      27 |       4 |  12.9 |      16 |       2 |  11.1
        D:2 |      24 |       0 |   0.0 |      14 |       0 |   0.0
        D:3 |      14 |       0 |   0.0 |       7 |       0 |   0.0
        D:4 |      40 |       0 |   0.0 |       4 |       0 |   0.0
            +---------+---------+-------+---------+---------+-------
